AoeStats
← D

Coastal Forest

510839417Analyzed
3v3 RM · 1d ago on Oct 2, 2026· 41m 48s· 6 players
Game mode
Random Map
Map size
Normal (6 player)
Population
200
Speed
Normal
Resources
Standard
Victory
Conquest
Starting age
Dark Age
Ending age
Imperial Age
RankedLock teamsTeams togetherTeam positionsShared explorationLock speedFull tech treeHidden civsTurbo modeCheats
Victory
Defeat
🇹🇷 Vikings · Türkiye
767
+16
🇹🇷 Wei · Türkiye
755
+17
🇹🇷 Chinese · Türkiye
630
+22
🇨🇳 Georgians · China
779
-19
🇪🇸 Celts · Spain
756
-18
🇮🇹 Spanish · Italy
756
-18
nigo_bur
3:24 Loom
12:22 Feudal Age
13:01 Double-Bit Axe
13:32 Town Watch
19:21 Castle Age
19:21 Scale Mail Armor
21:50 Bow Saw
21:26 Horse Collar
21:40 Gold Mining
21:19 Pikeman
26:51 Wheelbarrow
29:03 Heavy Plow
30:31 Hand Cart
34:24 Stronghold
38:38 Imperial Age
37:02 Forging
37:08 Chain Mail Armor
38:06 Gambesons
39:22 Heavy Scorpion
39:55 Fletching
Hlkon
1:34 Loom
15:48 Feudal Age
17:00 Town Watch
18:14 Double-Bit Axe
cold hand
10:52 Feudal Age
10:31 Loom
11:36 Horse Collar
11:43 Double-Bit Axe
18:23 Castle Age
19:02 Town Watch
19:53 Wheelbarrow
21:05 Bow Saw
21:27 Treadmill Crane
25:37 Forging
25:35 Scale Barding Armor
27:21 Iron Casting
27:06 Hand Cart
27:52 Town Patrol
28:12 Herbal Medicine
29:48 Masonry
29:51 Fortified Wall
29:37 Murder Holes
29:55 Clinker Construction
29:56 Careening
29:48 Gold Mining
34:06 Imperial Age
31:50 Stone Mining
32:59 Svan Towers
33:21 Chain Barding Armor
35:50 Conscription
35:36 Caravan
37:20 Husbandry
37:30 Bloodlines
36:42 Light Cavalry
37:46 Aznauri Cavalry
38:51 Hussar
41:08 Hoardings
41:22 Elite Monaspa
42:53 Stone Shaft Mining
D
2:21 Loom
13:11 Feudal Age
13:51 Double-Bit Axe
19:24 Castle Age
18:13 Horse Collar
19:16 Stone Mining
26:04 Padded Archer Armor
26:06 Fletching
29:20 Husbandry
29:30 Scale Barding Armor
29:46 Bodkin Arrow
30:07 Leather Archer Armor
30:15 Ballistics
31:09 Gold Mining
32:30 Bow Saw
33:38 Heavy Plow
34:27 Gold Shaft Mining
36:12 Chain Barding Armor
36:09 Forging
44:55 Imperial Age
LuTz
11:28 Feudal Age
11:57 Horse Collar
12:03 Double-Bit Axe
16:45 Fishing Lines
22:41 Castle Age
25:08 Scale Barding Armor
25:17 Gold Mining
25:43 Bloodlines
25:50 Forging
25:58 Bow Saw
26:13 Chain Barding Armor
26:24 Forging
26:40 Husbandry
27:55 Gold Shaft Mining
30:50 Imperial Age
29:13 Heavy Plow
30:59 Medium Warships
31:19 Heavy Hei Guang Cavalry
32:34 Tuntian
34:40 Iron Casting
41:31 Caravan
Çerkes
7:15 Loom
11:50 Feudal Age
13:22 Double-Bit Axe
18:10 Castle Age
18:10 Castle Age
16:10 Man-at-Arms
19:05 Forging
18:56 Long Swordsman
19:37 Squires
20:18 Arson
20:44 Scale Mail Armor
22:14 Bow Saw
21:48 Horse Collar
26:46 Chain Mail Armor
27:07 Iron Casting
27:11 Pikeman
29:06 Gold Mining
30:46 Iron Casting
33:00 Heavy Plow
37:12 Imperial Age
37:17 Elite Berserk
38:36 Conscription
39:18 Plate Mail Armor
39:49 Blast Furnace
41:09 Chieftains
Connection lost

Rejoining the realm…

Still unreachable

The connection could not be restored.

Session expired

The server has moved on; the page needs a fresh start.